 Dungeon Sprint DCSS version 0.21-a0-50-g941c862 (webtiles) character file.

342 Kidiri the Ruffian (level 6, -1/66 HPs)
             Began as a Troll Monk on June 11, 2017.
             Was an Elder of Wu Jian.
             Slain by a yaktaur (12 damage)
             ... in the Dungeon (Sprint V: "Ziggurat Sprint").
             The game lasted 00:05:10 (210 turns).

Kidiri the Ruffian (Troll Monk)                      Turns: 210, Time: 00:05:11

Health: -1/66      AC:  5    Str: 20    XL:     6   Next: 30%
Magic:  5/7        EV:  8    Int:  6    God:    Wu Jian [****..]
Gold:   0          SH: 28    Dex: 26    Spells: 5/5 levels left

rFire    . . .     SeeInvis .     - Unarmed
rCold    . . .     Gourm    +   J - +18 shield of the Gong {rElec rN+ MR+ EV-5}
rNeg     + . .     Faith    .   a - +0 robe
rPois    .         Spirit   .   (helmet restricted)
rElec    +         Reflect  .   (no cloak)
rCorr    .         Harm     .   (gloves unavailable)
MR       +....     NoTele   +   (boots unavailable)
Stlth    +++.......             (no amulet)
Regen    0.7/turn               x - +6 ring of dexterity
MPRegen  0.1/turn               y - +6 ring of dexterity

@: no status effects
A: unfitting armour, claws 3, fast metabolism 3, gourmand, regeneration 1,
shaggy fur 1, tough skin 2
a: Serpent's Lash, Renounce Religion


You were in the Dungeon.
You worshipped Wu Jian.
Wu Jian was greatly pleased with you.
You were not hungry.

You visited 1 branch

Inventory:

Armour
 a - a +0 robe (worn)
 H - +5 gold dragon scales
 I - a +3 large shield
 J - the +18 shield of the Gong (worn) {rElec rN+ MR+ EV-5}
   (You found it in the Dungeon)

   It affects your evasion (-5).
   It insulates you from electricity.
   It protects you from negative energy.
   It affects your resistance to hostile enchantments.
Jewellery
 x - a +6 ring of dexterity (left claw)
 y - a +6 ring of dexterity (right claw)
 B - a +6 ring of strength
 C - a +6 ring of strength
Wands
 D - a wand of disintegration (7/24)
 E - a wand of iceblast (5/15)
 F - a wand of lightning (5/15)
 G - a wand of acid (5/15)
Scrolls
 h - 4 scrolls of blinking
 o - 4 scrolls of amnesia
 p - 3 scrolls of recharging
 q - 7 scrolls of fog
 r - a scroll of holy word
 s - 5 scrolls of identify
 t - 5 scrolls of remove curse
 u - 2 scrolls of fear
Potions
 c - 10 potions of curing
 d - 10 potions of heal wounds
 e - 6 potions of haste
 f - 7 potions of magic
 g - 3 potions of berserk rage
 i - 2 potions of brilliance
 j - 2 potions of invisibility
 k - 4 potions of resistance
 m - 5 potions of agility
 n - 5 potions of might
Comestibles
 b - 6 bread rations
 l - 2 chunks of flesh
 v - 42 fruits
 w - 4 meat rations


   Skills:
 * Level 5.6 Fighting
 + Level 3.3 Armour
 * Level 5.5 Dodging
 * Level 3.8 Stealth
 + Level 3.2 Shields
 * Level 6.7 Unarmed Combat
 + Level 3.0 Evocations


You had 5 spell levels left.
You didn't know any spells.

Dungeon Overview and Level Annotations

Branches:
Dungeon (1/1)

Altars:
Ashenzari
Cheibriados
Dithmenos
Elyvilon
Fedhas
Gozag
Hepliaklqana
Kikubaaqudgha
Makhleb
Nemelex Xobeh
Okawaru
Qazlal
Ru
Sif Muna
Trog
Uskayaw
Vehumet
Wu Jian
Xom
Yredelemnul
Zin
The Shining One
Beogh
Jiyva
Lugonu

Annotations:
D 1 transporter


Innate Abilities, Weirdness & Mutations

You are too large for most types of armour.
You have claws for hands.
Your metabolism is lightning-fast.
You like to eat raw meat.
Your natural rate of healing is unusually fast.
You are covered in fur. (AC +1)
You have very tough skin. (AC +2)


Message History

Your Shields skill increases to level 3!
Your Unarmed Combat skill increases to level 6!
You attack the centaur from above.
You claw the centaur!
You kill the centaur!
The Council accepts your kill.
You can now briefly move at supernatural speeds.
Your Evocations skill increases to level 3!
You have reached level 6!
Your experience leads to an increase in your attributes!
Your base attributes are Str 19, Int 6, Dex 13.
Increase (S)trength, (I)ntelligence, or (D)exterity?
You feel agile.
You feel stronger. The yaktaur hits you!
* * * LOW HITPOINT WARNING * * *
You see here a box of beasts.
You spin and attack the yaktaur.
You scratch the yaktaur but do no damage.
The yaktaur is heavily wounded.
The yaktaur hits you!
You die...

▓▓▓▓▓▓▓▓▓▓▓▓▓▓▓▓▓▓▓
▓.8©8.▓.8©8.▓.8©8.▓
▓.@§§.▓.[|:.▓.....▓
▓(c}§.▓.....▓.).).▓
▓)§§§.▓.....▓.....▓
▓.(...▓.....▓.....▓
▓.....▓.....▓.....▓
▓..((.▓.....▓▓▓▓▓▓▓
▓▓▓▓▓▓▓▓▓▓▓▓▓


You could see a yaktaur.

Vanquished Creatures
  A necrophage (D)
  3 centaurs (D)
  An adder skeleton (D)
  2 ball pythons (D)
  A leopard gecko skeleton (D)
8 creatures vanquished.

Notes
Turn   | Place    | Note
-------+----------+-------------------------------------------
     0 | D        | Kidiri the Troll Monk began the quest for the Orb.
     0 | D        | Reached XP level 1. HP: 22/22 MP: 0/0
     0 | D        | Found a deep blue altar of Sif Muna.
     0 | D        | Found a sacrificial altar of Ru.
     0 | D        | Found a bloodstained altar of Trog.
     0 | D        | Found a stormy altar of Qazlal.
     0 | D        | Found an iron altar of Okawaru.
     0 | D        | Found a sparkling altar of Nemelex Xobeh.
     0 | D        | Found a blossoming altar of Fedhas.
     2 | D        | Found a transporter.
     2 | D        | Found an ancient bone altar of Kikubaaqudgha.
     2 | D        | Found a viscous altar of Jiyva.
     2 | D        | Found a corrupted altar of Lugonu.
     2 | D        | Found a hazy altar of Hepliaklqana.
     2 | D        | Found a burning altar of Makhleb.
     2 | D        | Found an opulent altar of Gozag.
   144 | D        | Became a worshipper of the Wu Jian Council
   144 | D        | Reached * piety under Wu Jian
   144 | D        | Reached ** piety under Wu Jian
   156 | D        | Reached skill level 1 in Armour
   156 | D        | Reached skill level 1 in Shields
   156 | D        | Reached skill level 4 in Unarmed Combat
   156 | D        | Reached skill level 1 in Evocations
   156 | D        | Reached XP level 2. HP: 31/31 MP: 0/2
   169 | D        | Entered arena 2.
   169 | D        | Found a transporter.
   183 | D        | Entered arena 3.
   183 | D        | Noticed a necrophage
   183 | D        | Found a transporter.
   188 | D        | Reached *** piety under Wu Jian
   191 | D        | Killed a necrophage
   191 | D        | Reached skill level 5 in Unarmed Combat
   191 | D        | Reached XP level 3. HP: 36/40 MP: 3/3
   191 | D        | Reached XP level 4. HP: 44/49 MP: 4/4
   201 | D        | Entered arena 4.
   201 | D        | Noticed a centaur
   201 | D        | Noticed a yaktaur
   201 | D        | Noticed a centaur
   201 | D        | Noticed a centaur
   201 | D        | Found a transporter.
   206 | D        | Killed a centaur
   206 | D        | Reached XP level 5. HP: 24/55 MP: 5/5
   209 | D        | Killed a centaur
   209 | D        | Reached skill level 5 in Fighting
   209 | D        | Reached skill level 5 in Dodging
   209 | D        | Reached skill level 6 in Unarmed Combat
   209 | D        | Killed a centaur
   209 | D        | Reached **** piety under Wu Jian
   209 | D        | Reached XP level 6. HP: 19/66 MP: 5/7
   210 | D        | Slain by a yaktaur

Vault maps used:
D:        sprint_v

Skill      XL: |  1  2  3  4  5 |
---------------+----------------+-----
Fighting       | 3 4 5 |  5.6
Armour         | 1 2 3 |  3.3
Dodging        | 3 4 5 |  5.5
Stealth        | 2 3 |  3.8
Shields        | 1 2 3 |  3.2
Unarmed Combat | 4 5 6 |  6.7
Evocations     | 1 2 3 |  3.0

Action                   |  1- 3 |  4- 6 || total
-------------------------+-------+-------++-------
Melee: Unarmed           |    10 |    16 ||    26
  Use: Potion            |     1 |       ||     1
Armor: Robe              |     3 |       ||     3
Dodge: Dodged            |     2 |     2 ||     4
Block: Shield            |       |    15 ||    15
